 Dungeon Sprint DCSS version 0.31-a0-43-g46d131a48f (webtiles) character file.

Game seed: 8997454671373234149

8900000 bmack86 the Infernalist (level 27, -87/249 HPs)
             Began as a Demonspawn Fire Elementalist on May 19, 2023.
             Was the Champion of Makhleb.
             Killed from afar by an observer (99 damage)
             ... with a fireball
             ... in the Dungeon (Sprint VIII: "Arena of Blood").
             The game lasted 00:10:27 (89 turns).

bmack86 the Infernalist (DsFE)                        Turns: 89, Time: 00:10:29

Health: -87/249    AC:  4    Str: 19    XL:     27
Magic:  23/54      EV: 24    Int: 20    God:    Makhleb [******]
Gold:   0          SH:  0    Dex: 14    Spells: 79/80 levels left

rFire   . . .        h - +∞ Axe of Woe
rCold   . . .        (shield currently unavailable)
rNeg    . . .        a - +0 robe
rPois   .            (helmet unavailable)
rElec   .            (no cloak)
rCorr   .            (gloves unavailable)
SInv    +            (boots unavailable)
Will    ++...        (no amulet)
Stlth   +++++++      d - ring of see invisible
HPRegen 0.61/turn    (no ring)
MPRegen 0.34/turn

%: no teleportation
@: no status effects
A: hooves 3, horns 3, ignite blood 3, spiny 3, corrupting presence 2, word of
chaos, demonic touch 3
a: Word of Chaos, Renounce Religion, Minor Destruction, Lesser Servant of
Makhleb, Major Destruction, Greater Servant of Makhleb


You were in the Dungeon.
You worshipped Makhleb.
Makhleb was exalted by your worship.
You visited 1 branch

Inventory:

Hand Weapons
 h - the +∞ Axe of Woe (weapon)
   (You found it in the Dungeon)
Armour
 a - a +0 robe (worn)
Jewellery
 d - a ring of see invisible (left hand)
Potions
 b - 3 potions of magic
 e - a potion of haste
 f - a potion of berserk rage


   Skills:
 O Level 27 Fighting
 O Level 27 Short Blades
 O Level 27 Long Blades
 O Level 27 Axes
 O Level 27 Maces & Flails
 O Level 27 Polearms
 O Level 27 Staves
 O Level 27 Ranged Weapons
 O Level 27 Throwing
 O Level 27 Armour
 + Level 22.9 Dodging
 + Level 18.1 Stealth
 O Level 27 Shields
 O Level 27 Unarmed Combat
 O Level 27 Spellcasting
 O Level 27 Conjurations
 O Level 27 Hexes
 O Level 27 Summonings
 O Level 27 Necromancy
 O Level 27 Translocations
 O Level 27 Transmutations
 O Level 27 Fire Magic
 O Level 27 Ice Magic
 O Level 27 Air Magic
 O Level 27 Earth Magic
 O Level 27 Poison Magic
 O Level 27 Invocations
 O Level 27 Evocations


You had 79 spell levels left.
You knew the following spells:

 Your Spells              Type           Power      Damage    Failure   Level
a - Foxfire               Conj/Fire      100%       2x1d9     0%          1

Your spell library contained the following spells:

 Spells                   Type           Power      Damage    Failure   Level
 Scorch                   Fire           100%       2d9       0%          2
 Inner Flame              Hex/Fire       94%        N/A       0%          3
 Volatile Blastmotes      Fire/Tloc      100%       2d18      0%          3
 Flame Wave               Conj/Fire      94%        2d20      0%          4


Dungeon Overview and Level Annotations

Branches:
Dungeon (1/1)

Altars:
Makhleb


Innate Abilities, Weirdness & Mutations

You have hooves in place of feet.
You have a pair of large horns on your head.
Your demonic aura causes all spilled blood to erupt in flames.
You are completely covered in sharp spines.
Your presence sometimes corrodes or deforms those you injure.
You can speak a Word of Chaos.
Your touch may irresistibly damage your foes and sap their willpower.


Message History

Your life force feels restored.
Your Dodging skill gained 2 levels and is now at level 20!
Your Stealth skill increases to level 15!
The observer turns its gaze towards you.
You chop the bag of meat into pieces!!! You chop the bag of meat into pieces.
You blow up the bag of meat!
Makhleb accepts your kill.
You feel better.
You hear a shout! x8
Your Stealth skill increases to level 16!
Unknown command.
You hit the tyrant but do no damage.
You dissect the tyrant like a pig carcass.
You destroy the tyrant!
Makhleb accepts your kill.
The observer appears out of thin air!
An observer comes into view.
The observer turns its gaze towards you.
You hear a shout! x3
The bag of meat is engulfed in blazing flames.
You hear a shout! x2
The observer gazes at you.
The fireball explodes!
The fireball engulfs you!!!
* * * LOW HITPOINT WARNING * * *
You hear a shout!
The eight-headed meat hydra calls on the powers of darkness!
The eight-headed meat hydra convulses!
The bag of meat convulses! x3
Your body is wracked with pain!
* * * LOW HITPOINT WARNING * * *
Your Dodging skill gained 2 levels and is now at level 22!
Your Stealth skill gained 2 levels and is now at level 18!
Okay, then.
Okay, then.
You feel better.
You hear a shout! x2
A meat berserker comes into view. It is wielding a +9 battleaxe.
You hear a shout! x3
The observer gazes at you.
The fireball explodes!
The fireball engulfs you!!!!
You die...

################
##......○@.....G.
........☼○.§.....
.....☼##§##.#####
.......oVo..O...
###...oo##o##o..
.....D)))...oo..G
..D...)))o#.#....
......))))....o.O
#.....)))).o....


You could see an eight-headed meat hydra, a destroyer, 2 observers, a large bag
of meat (inner flame), a meat berserker (berserk) and 5 bags of meat.

Vanquished Creatures
  4 hell beasts (D)
  3 royal mummies (D)
  2 wraiths (D)
  14 vampire knights (D)
  33 ogres (D)
  6 two-headed ogres (D)
  2 liches (D)
  A hydra (D)
  A phantom (D)
  41 orcs (D)
  4 skeletal warriors (D)
111 creatures vanquished.

Vanquished Creatures (others)
  5 foxfires (D)
5 creatures vanquished.

Grand Total: 116 creatures vanquished

Notes
Turn   | Place    | Note
-------+----------+-------------------------------------------
     0 | D        | Found the +∞ Axe of Woe
     0 | D        | bmack86 the Demonspawn Fire Elementalist began the quest
                  | for the Orb.
     0 | D        | Reached XP level 1. HP: 13/13 MP: 3/3
     1 | D        | Noticed a bag of meat
     3 | D        | Became a worshipper of Makhleb the Destroyer
     3 | D        | Noticed a meat berserker
     4 | D        | Noticed a bag of meat
     5 | D        | Noticed a bag of meat
     5 | D        | Noticed a bag of meat
     5 | D        | Noticed a bag of meat
     6 | D        | Killed a meat berserker
     6 | D        | Noticed a meat berserker
     6 | D        | Noticed a bag of meat
     6 | D        | Noticed a bag of meat
     6 | D        | Noticed a meat berserker
     7 | D        | Discovered your monstrous ancestry.
     7 | D        | Gained mutation: You have large cloven feet. [demonic
                  | ancestry]
     7 | D        | Reached XP level 2. HP: 19/19 MP: 3/14
     7 | D        | Gained mutation: Your demonic aura sometimes causes spilled
                  | blood to erupt in flames. [demonic ancestry]
     7 | D        | Reached XP level 3. HP: 24/24 MP: 3/16
     7 | D        | Reached XP level 4. HP: 30/30 MP: 3/17
     7 | D        | Gained mutation: Your demonic aura often causes spilled
                  | blood to erupt in flames. [demonic ancestry]
     7 | D        | Reached XP level 5. HP: 35/35 MP: 3/19
     7 | D        | Reached XP level 6. HP: 41/41 MP: 3/20
     7 | D        | Gained mutation: Your demonic aura causes all spilled blood
                  | to erupt in flames. [demonic ancestry]
     7 | D        | Reached XP level 7. HP: 46/46 MP: 3/22
     7 | D        | Gained mutation: You have hoof-like feet. [demonic
                  | ancestry]
     7 | D        | Reached XP level 8. HP: 52/52 MP: 3/23
     7 | D        | Gained mutation: Your touch may inflict minor irresistible
                  | damage on your foes. [demonic ancestry]
     7 | D        | Reached XP level 9. HP: 57/57 MP: 3/24
     7 | D        | Reached XP level 10. HP: 63/63 MP: 3/25
     7 | D        | Reached XP level 11. HP: 68/68 MP: 3/26
     7 | D        | Killed a bag of meat
     7 | D        | Reached * piety under Makhleb
     7 | D        | Noticed a meat berserker
     7 | D        | Noticed a bag of meat
     8 | D        | Reached skill level 1 in Fighting
     8 | D        | Reached XP level 12. HP: 77/77 MP: 3/28
     8 | D        | Killed a bag of meat
     8 | D        | Noticed a bag of meat
     9 | D        | Gained mutation: You have a pair of small horns on your
                  | head. [demonic ancestry]
     9 | D        | Reached XP level 13. HP: 84/84 MP: 3/30
     9 | D        | Killed a bag of meat
     9 | D        | Killed a bag of meat
     9 | D        | Reached ** piety under Makhleb
     9 | D        | Noticed a meat berserker
    10 | D        | Killed a meat berserker
    11 | D        | Reached skill level 15 in Spellcasting
    11 | D        | Gained mutation: Your touch may inflict irresistible damage
                  | on your foes. [demonic ancestry]
    11 | D        | Reached XP level 14. HP: 71/96 MP: 3/33
    11 | D        | Killed a meat berserker
    11 | D        | Killed a bag of meat
    11 | D        | Reached *** piety under Makhleb
    11 | D        | Noticed a bag of meat
    12 | D        | Reached skill level 5 in Conjurations
    12 | D        | Gained mutation: You are partially covered in sharp spines.
                  | [demonic ancestry]
    12 | D        | Reached XP level 15. HP: 77/105 MP: 4/35
    12 | D        | Killed a meat berserker
    12 | D        | Killed a meat berserker
    12 | D        | Reached **** piety under Makhleb
    12 | D        | Noticed a meat berserker
    13 | D        | Reached skill level 10 in Fighting
    13 | D        | Reached skill level 27 in Fire Magic
    13 | D        | Reached skill level 27 in Invocations
    13 | D        | Gained mutation: Your touch may irresistibly damage your
                  | foes and sap their willpower. [demonic ancestry]
    13 | D        | Reached XP level 16. HP: 122/122 MP: 4/38
    14 | D        | Noticed a meat berserker
    16 | D        | Noticed a meat berserker
    17 | D        | Noticed a meat berserker
    17 | D        | Killed a meat berserker
    17 | D        | Reached ***** piety under Makhleb
    17 | D        | Noticed a meat berserker
    18 | D        | Reached skill level 27 in Axes
    18 | D        | Noticed a meat berserker
    19 | D        | Killed a meat berserker
    19 | D        | Noticed a destroyer
    20 | D        | Gained mutation: You have a pair of horns on your head.
                  | [demonic ancestry]
    20 | D        | Reached XP level 17. HP: 116/144 MP: 6/44
    20 | D        | Noticed a large bag of meat
    21 | D        | Killed a destroyer
    21 | D        | Killed a meat berserker
    21 | D        | Noticed a destroyer
    21 | D        | Noticed a destroyer
    21 | D        | Noticed a meat berserker
    22 | D        | Reached skill level 27 in Spellcasting
    22 | D        | Killed a meat berserker
    22 | D        | Killed a meat berserker
    22 | D        | Reached ****** piety under Makhleb
    22 | D        | Noticed a meat berserker
    23 | D        | Reached skill level 27 in Fighting
    23 | D        | Gained mutation: You have hooves in place of feet. [demonic
                  | ancestry]
    23 | D        | Reached XP level 18. HP: 182/182 MP: 6/49
    23 | D        | Noticed a meat berserker
    23 | D        | Noticed a large bag of meat
    23 | D        | Noticed a meat berserker
    23 | D        | Noticed a large bag of meat
    24 | D        | Killed a meat berserker
    24 | D        | Killed a large bag of meat
    25 | D        | Reached skill level 27 in Conjurations
    25 | D        | Noticed a large bag of meat
    26 | D        | Gained mutation: You are mostly covered in sharp spines.
                  | [demonic ancestry]
    26 | D        | Reached XP level 19. HP: 181/189 MP: 7/50
    26 | D        | Noticed a meat berserker
    26 | D        | Noticed a meat berserker
    27 | D        | Noticed a destroyer
    27 | D        | Noticed a large bag of meat
    27 | D        | Noticed a large bag of meat
    28 | D        | Killed a large bag of meat
    28 | D        | Killed a destroyer
    28 | D        | Noticed a destroyer
    28 | D        | Noticed a meat berserker
    29 | D        | Gained mutation: You have a pair of large horns on your
                  | head. [demonic ancestry]
    29 | D        | Reached XP level 20. HP: 148/197 MP: 8/51
    29 | D        | Killed a meat berserker
    30 | D        | Killed a meat berserker
    31 | D        | Reached skill level 10 in Hexes
    31 | D        | Reached skill level 10 in Summonings
    31 | D        | Reached skill level 10 in Poison Magic
    31 | D        | Reached skill level 10 in Evocations
    31 | D        | Killed a meat berserker
    31 | D        | Killed a meat berserker
    31 | D        | Killed a large bag of meat
    32 | D        | Gained mutation: Your presence sometimes corrodes those you
                  | injure. [demonic ancestry]
    32 | D        | Reached XP level 21. HP: 174/204 MP: 8/52
    32 | D        | Killed a destroyer
    32 | D        | Killed a large bag of meat
    32 | D        | Noticed a destroyer
    33 | D        | Killed a large bag of meat
    34 | D        | Reached skill level 15 in Necromancy
    35 | D        | Killed a large bag of meat
    35 | D        | Killed a destroyer
    35 | D        | Noticed a destroyer
    36 | D        | Reached skill level 15 in Hexes
    36 | D        | Reached skill level 15 in Summonings
    36 | D        | Reached skill level 15 in Poison Magic
    36 | D        | Reached skill level 15 in Evocations
    36 | D        | Reached XP level 22. HP: 126/212 MP: 9/53
    38 | D        | Noticed a destroyer
    38 | D        | Killed a destroyer
    39 | D        | Reached skill level 15 in Short Blades
    39 | D        | Reached skill level 15 in Long Blades
    39 | D        | Reached skill level 15 in Maces & Flails
    39 | D        | Reached skill level 15 in Polearms
    39 | D        | Reached skill level 15 in Staves
    39 | D        | Reached skill level 15 in Ranged Weapons
    39 | D        | Reached skill level 15 in Throwing
    39 | D        | Reached skill level 15 in Armour
    39 | D        | Reached skill level 15 in Shields
    39 | D        | Reached skill level 15 in Unarmed Combat
    39 | D        | Reached skill level 15 in Translocations
    39 | D        | Reached skill level 15 in Transmutations
    39 | D        | Reached skill level 15 in Ice Magic
    39 | D        | Reached skill level 15 in Air Magic
    39 | D        | Reached skill level 15 in Earth Magic
    39 | D        | Gained mutation: Your presence sometimes corrodes or
                  | deforms those you injure. [demonic ancestry]
    39 | D        | Reached XP level 23. HP: 219/219 MP: 10/54
    39 | D        | Noticed a destroyer
    41 | D        | Killed a destroyer
    41 | D        | Killed a destroyer
    43 | D        | Noticed a destroyer
    43 | D        | Noticed a destroyer
    43 | D        | Noticed a destroyer
    44 | D        | Noticed an accursed
    44 | D        | Noticed a destroyer
    45 | D        | Killed a destroyer
    47 | D        | Reached XP level 24. HP: 227/227 MP: 10/54
    48 | D        | Killed a destroyer
    48 | D        | Killed a destroyer
    49 | D        | Killed a destroyer
    50 | D        | Noticed an accursed
    51 | D        | Killed an accursed
    52 | D        | Reached XP level 25. HP: 225/234 MP: 11/54
    53 | D        | Killed a destroyer
    53 | D        | Noticed a destroyer
    53 | D        | Noticed a tyrant
    56 | D        | Noticed an accursed
    59 | D        | Noticed a meat beast
    60 | D        | Killed a tyrant
    60 | D        | Killed a destroyer
    61 | D        | Gained mutation: You can speak a Word of Chaos. [demonic
                  | ancestry]
    61 | D        | Reached XP level 26. HP: 197/242 MP: 15/54
    61 | D        | Killed a meat beast
    62 | D        | Killed a destroyer
    62 | D        | Killed an accursed
    63 | D        | Noticed a dread
    64 | D        | Gained mutation: You are completely covered in sharp
                  | spines. [demonic ancestry]
    64 | D        | Reached XP level 27. HP: 161/249 MP: 16/54
    65 | D        | Killed an accursed
    67 | D        | Reached skill level 27 in Necromancy
    67 | D        | Noticed a meat beast
    67 | D        | Noticed a dread
    68 | D        | Noticed a meat beast
    68 | D        | Noticed a meat beast
    70 | D        | Killed a meat beast
    71 | D        | Killed a meat beast
    72 | D        | Killed a dread
    73 | D        | Reached skill level 27 in Hexes
    73 | D        | Reached skill level 27 in Summonings
    73 | D        | Reached skill level 27 in Poison Magic
    73 | D        | Reached skill level 27 in Evocations
    73 | D        | Killed a meat beast
    76 | D        | Killed a dread
    76 | D        | Noticed a destroyer
    77 | D        | Reached skill level 27 in Short Blades
    77 | D        | Reached skill level 27 in Long Blades
    77 | D        | Reached skill level 27 in Maces & Flails
    77 | D        | Reached skill level 27 in Polearms
    77 | D        | Reached skill level 27 in Staves
    77 | D        | Reached skill level 27 in Ranged Weapons
    77 | D        | Reached skill level 27 in Throwing
    77 | D        | Reached skill level 27 in Armour
    77 | D        | Reached skill level 27 in Shields
    77 | D        | Reached skill level 27 in Unarmed Combat
    77 | D        | Reached skill level 27 in Translocations
    77 | D        | Reached skill level 27 in Transmutations
    77 | D        | Reached skill level 27 in Ice Magic
    77 | D        | Reached skill level 27 in Air Magic
    77 | D        | Reached skill level 27 in Earth Magic
    77 | D        | Noticed a tyrant
    80 | D        | Reached skill level 15 in Dodging
    82 | D        | Noticed a large bag of meat
    85 | D        | HP: 10/239 [wretched soul (4)]
    87 | D        | Reached skill level 15 in Stealth
    88 | D        | Killed a tyrant
    88 | D        | HP: 4/249 [observer/fireball (55)]
    89 | D        | Killed from afar by an observer

Illustrated notes

Levels and vault maps discovered:
D:        meatsprint

Skill      XL: |  1  2  3  4  5  6  7  8  9 10 11 12 13 14 15 16 17 18 19 20 21 22 23 24 25 26 27 |
---------------+----------------------------------------------------------------------------------+-----
Axes           | 12 13 14 17 18 22 27 | 27.0
Spellcasting   | 11 12 13 15 16 18 23 27 | 27.0
Conjurations   | 3 4 5 6 8 19 27 | 27.0
Fire Magic     | 18 19 20 23 25 27 | 27.0
Invocations    | 17 18 20 23 25 27 | 27.0
Fighting       | 1 2 4 6 10 16 27 | 27.0
Short Blades   | 2 7 11 14 15 17 19 21 22 27 | 27.0
Long Blades    | 2 7 11 14 15 17 19 21 22 27 | 27.0
Maces & Flails | 2 7 11 14 15 17 19 21 22 27 | 27.0
Polearms       | 2 7 11 14 15 17 19 21 22 27 | 27.0
Staves         | 2 7 11 14 15 17 19 21 22 27 | 27.0
Ranged Weapons | 2 7 11 14 15 17 19 21 22 27 | 27.0
Throwing       | 2 7 11 14 15 17 19 21 22 27 | 27.0
Armour         | 2 7 11 14 15 17 19 21 22 27 | 27.0
Shields        | 2 7 11 14 15 17 19 21 22 27 | 27.0
Unarmed Combat | 2 7 11 14 15 17 19 21 22 27 | 27.0
Hexes          | 2 8 12 15 16 18 20 22 24 27 | 27.0
Summonings     | 2 8 12 15 16 18 20 22 24 27 | 27.0
Necromancy     | 2 9 13 16 17 20 22 24 26 27 | 27.0
Translocations | 2 7 11 14 15 17 19 21 22 27 | 27.0
Transmutations | 2 7 11 14 15 17 19 21 22 27 | 27.0
Ice Magic      | 2 7 11 14 15 17 19 21 22 27 | 27.0
Air Magic      | 2 7 11 14 15 17 19 21 22 27 | 27.0
Earth Magic    | 2 7 11 14 15 17 19 21 22 27 | 27.0
Poison Magic   | 2 8 12 15 16 18 20 22 24 27 | 27.0
Evocations     | 2 8 12 15 16 18 20 22 24 27 | 27.0
Dodging        | 22 | 22.9
Stealth        | 18 | 18.1

Action                     |  1- 3 |  4- 6 |  7- 9 | 10-12 | 13-15 | 16-18 | 19-21 | 22-24 | 25-27 || total
---------------------------+-------+-------+-------+-------+-------+-------+-------+-------+-------++-------
  Melee: Executioner's axe |     1 |       |       |     2 |     4 |     8 |     8 |    14 |    23 ||    60
   Cast: Foxfire           |       |       |       |       |       |       |       |     2 |     1 ||     3
    Use: Scroll            |       |       |       |       |       |       |     1 |       |       ||     1
         Potion            |       |       |       |       |       |       |       |       |     2 ||     2
  Dodge: Dodged            |       |       |       |       |       |       |       |       |     2 ||     2

Table legend: (Time is in decaauts)
 A = Elapsed time spent in this place.
 B = Non-inter-level travel time spent in this place.
 C = Inter-level travel time spent in this place.
 D = Time resting spent in this place.
 E = Time spent auto-exploring this place.
 F = Levels seen in this place.
 G = Mean time per level.
                   A        B        C        D        E       F      G
               +--------+--------+--------+--------+--------+-----+--------+
         Total |     80 |     80 |      0 |      0 |      0 |   1 |   80.0 |
       Dungeon |     80 |     80 |      0 |      0 |      0 |   1 |   80.0 |
               +--------+--------+--------+--------+--------+-----+--------+

Top non-repeatable levels by time:
       D: 80 daAuts
